 Dungeon Crawl Stone Soup version 0.29-a0-378-gc08b2e8bf8 (webtiles) character file.

Game seed: 5714886500958918251

383 Antichthon the Cudgeller (level 6, -3/39 HPs)
             Began as a Gargoyle Fighter on May 5, 2022.
             Slain by a two-headed ogre
             ... wielding a +0 giant spiked club
              (10 damage)
             ... on level 5 of the Dungeon.
             The game lasted 00:06:00 (3528 turns).

Antichthon the Cudgeller (Gargoyle Fighter)         Turns: 3528, Time: 00:06:01

Health: -3/39      AC: 19    Str: 15    XL:     6   Next: 76%
Magic:  7/7        EV:  6    Int: 13    God:
Gold:   132        SH:  4    Dex:  9    Spells: 5/5 levels left

rFire   . . .      SeeInvis +   a - +1 flail
rCold   + . .      Faith    .   c - +0 buckler
rNeg    + . .      Spirit   .   k - +0 chain mail
rPois   ∞          Reflect  .   b - +0 helmet
rElec   +          Harm     .   t - +0 cloak
rCorr   .          Rampage  .   (no gloves)
Will    .....                   q - +2 pair of boots "Zoym" {rC+ Regen+ Str-5 Int+3}
Stlth   ..........              (no amulet)
HPRegen 0.93/turn               n - ring of see invisible
MPRegen 0.10/turn               (no ring)

@: no status effects
A: sickness immunity, AC +4, negative energy resistance 1, electricity
resistance, torment resistance 1, petrification resistance
a: no special abilities


You were on level 5 of the Dungeon.
You visited 1 branch of the dungeon, and saw 5 of its levels.

You collected 132 gold pieces.

Inventory:

Hand Weapons
 a - a +1 flail (weapon)
Armour
 b - a +0 helmet (worn)
 c - a +0 buckler (worn)
 k - a +0 chain mail (worn)
 q - the +2 pair of boots "Zoym" (worn) {rC+ Regen+ Str-5 Int+3}
   (You found it on level 4 of the Dungeon)

   Str:       It affects your strength (-5).
   Int:       It affects your intelligence (+3).
   rC:        It protects you from cold.
   Regen:     It increases your rate of health regeneration.
 t - a +0 cloak (worn)
Jewellery
 n - a ring of see invisible (left hand)
Wands
 s - a wand of paralysis (7)
Scrolls
 f - a scroll of identify
 g - 2 scrolls of immolation
 i - 3 scrolls of teleportation
Potions
 d - a potion of might
 e - a potion of ambrosia
 h - a potion of attraction {unknown}
 j - a potion of haste {unknown}
 l - 2 potions of curing {unknown}
 o - a potion of brilliance {unknown}
 r - a potion of mutation {unknown}
 u - a potion of degeneration {unknown}
 v - a potion of lignification {unknown}


   Skills:
 * Level 4.4 Fighting
 * Level 4.7 Maces & Flails
 * Level 4.1 Armour
 * Level 1.2 Dodging
 * Level 4.1 Shields
 * Level 2.1 Invocations


You had 5 spell levels left.
You didn't know any spells.
Your spell library contained the following spells:

 Spells                   Type           Power      Damage    Failure   Level
 Ensorcelled Hibernation  Hex/Ice        0%         N/A       100%        2
 Spider Form              Tmut/Pois      0%         N/A       100%        3
 Anguish                  Hex/Necr       0%         N/A       100%        4
 Blade Hands              Tmut           0%         N/A       100%        5
 Irradiate                Conj/Tmut      0%         3d13      100%        5
 Dragon Form              Tmut           0%         N/A       100%        7


Dungeon Overview and Level Annotations

Branches:
Dungeon (5/15)
 Temple: D:4-7

Altars:
Okawaru

Shops:
D:5 *


Innate Abilities, Weirdness & Mutations

You are immune to sickness and miasma.
Your stone body is resilient. (AC +4)
You are immune to poison.
You resist negative energy. (rN+)
You are resistant to electric shocks. (rElec)
You are resistant to unholy torment.
You are immune to petrification.


Message History

The two-headed ogre is moderately wounded.
Unknown command.
You closely miss the two-headed ogre.
The two-headed ogre is moderately wounded.
The two-headed ogre hits you but does no damage.
The two-headed ogre hits you with a +0 giant spiked club!
Unknown command.
You completely miss the two-headed ogre.
The two-headed ogre is moderately wounded.
You block the two-headed ogre's attack.
The two-headed ogre hits you with a +0 giant spiked club!
* * * LOW HITPOINT WARNING * * *
Unknown command.
You feel much better. The two-headed ogre closely misses you.
The two-headed ogre barely misses you.
Unknown command.
You hit the two-headed ogre.
The two-headed ogre is heavily wounded.
The two-headed ogre hits you but does no damage.
The two-headed ogre hits you with a +0 giant spiked club.
You sock the two-headed ogre!
The two-headed ogre is severely wounded.
You barely miss the two-headed ogre.
The two-headed ogre is severely wounded.
The two-headed ogre hits you with a +0 giant spiked club!!
Ouch! That really hurt!
* * * LOW HITPOINT WARNING * * *
The two-headed ogre closely misses you.
Unknown command.
Okay, then.
Unknown command.
You hit the two-headed ogre.
The two-headed ogre is severely wounded.
The two-headed ogre closely misses you.
The two-headed ogre hits you but does no damage.
You hit the two-headed ogre.
The two-headed ogre is severely wounded.
You block the two-headed ogre's attack.
The two-headed ogre hits you with a +0 giant spiked club!
You die...

...........................
...........................
#######.###########...##...
#.# #...###.# #.# #...# #..
#.# #...# ##. #.# #...# #.
#.###### ##### #. #...@O.#
#. ##.###.# #. #.#.#.# #.
#.#.#...#.#.# ##
#...........# #
...##.....##... # .
........... .
....#.###.#.... ......
......


You could see a two-headed ogre.

Vanquished Creatures
  A water moccasin (D:4)
  A hound (D:5)
  An iguana (D:5)
  2 orc wizards
  4 gnolls (D:4)
  3 adders
  A worm (D:3)
  2 dart slugs (D:3)
  14 orcs
  5 ball pythons
  2 endoplasms
  3 giant cockroaches
  7 goblins
  9 hobgoblins
  9 kobolds
  5 quokkas
  8 bats
  3 frilled lizards
  7 rats
87 creatures vanquished.

Vanquished Creatures (others)
  8 fungi (D:4)
8 creatures vanquished.

Grand Total: 95 creatures vanquished

Notes
Turn   | Place    | Note
-------+----------+-------------------------------------------
     0 | D:1      | Antichthon the Gargoyle Fighter began the quest for the
                  | Orb.
     0 | D:1      | Reached XP level 1. HP: 14/14 MP: 1/1
    88 | D:1      | Reached XP level 2. HP: 18/19 MP: 2/2
   258 | D:1      | Found a faded altar of an unknown god.
   611 | D:2      | Found an iron altar of Okawaru.
   673 | D:2      | Reached XP level 3. HP: 23/24 MP: 3/3
   788 | D:2      | You fall into a shaft and drop 2 floors!
   809 | D:4      | Reached skill level 1 in Invocations
   812 | D:4      | Reached XP level 4. HP: 15/29 MP: 4/4
  2426 | D:3      | Reached XP level 5. HP: 30/33 MP: 6/6
  3142 | D:4      | Identified the +2 pair of boots "Zoym" {rC+ Regen+ Str-5
                  | Int+3}
  3325 | D:5      | Entered Level 5 of the Dungeon
  3325 | D:5      | Noticed a water moccasin
  3325 | D:5      | Found Hefoni's Gadget Gallery.
  3336 | D:4      | Killed a water moccasin
  3337 | D:4      | Reached skill level 1 in Dodging
  3337 | D:4      | Reached XP level 6. HP: 38/38 MP: 7/7
  3508 | D:5      | Noticed a two-headed ogre
  3528 | D:5      | Slain by a two-headed ogre

Illustrated notes

Levels and vault maps discovered:
D:1:      dpeg_arrival_lava_altar, layout_basic,
          hellmonk_ecumenical_altar_blasted, minmay_misc_feat_doors
D:2:      layout_basic, basic_altar, roderic_lattice_a
D:3:      layout_loops_ring
D:4:      layout_rooms, serial_aquarium, aquarium_bridge_square
          [aquarium_subvault_bridge, aquarium_subvault_bridge,
          aquarium_subvault_window, aquarium_subvault_bridge],
          aquarium_window_1, aquarium_window_1, aquarium_view_2d,
          aquarium_view_2b, aquarium_balcony_3b, aquarium_pool_2
D:5:      nicolae_cairo_tiling_large_dashed, layout_basic,
          mainiacjoe_overflow_alcove_2, nicolae_shop_gadgets

Skill      XL: |  1  2  3  4  5  6 |
---------------+-------------------+-----
Invocations    | 1 2 |  2.1
Maces & Flails | 3 4 |  4.7
Fighting       | 4 |  4.4
Armour         | 4 |  4.1
Dodging        | 1 |  1.2
Shields        | 4 |  4.1

Action                   |  1- 3 |  4- 6 || total
-------------------------+-------+-------++-------
Melee: Flail             |    81 |   220 ||   301
  Use: Scroll            |     1 |     7 ||     8
       Potion            |       |     2 ||     2
Armor: Scale mail        |    42 |     3 ||    45
       Chain mail        |       |   182 ||   182
Dodge: Dodged            |    52 |    92 ||   144
Block: Buckler           |    24 |    71 ||    95

Table legend: (Time is in decaauts)
 A = Elapsed time spent in this place.
 B = Non-inter-level travel time spent in this place.
 C = Inter-level travel time spent in this place.
 D = Time resting spent in this place.
 E = Time spent auto-exploring this place.
 F = Levels seen in this place.
 G = Mean time per level.
                   A        B        C        D        E       F      G
               +--------+--------+--------+--------+--------+-----+--------+
         Total |   3613 |   3392 |    221 |    165 |   2364 |   5 |  722.6 |
       Dungeon |   3613 |   3392 |    221 |    165 |   2364 |   5 |  722.6 |
               +--------+--------+--------+--------+--------+-----+--------+

Top non-repeatable levels by time:
     D:2: 1253 daAuts
     D:4: 885 daAuts
     D:3: 672 daAuts
     D:1: 598 daAuts
     D:5: 204 daAuts
